 Dungeon Crawl Stone Soup version 0.26-a0-712-ga5a9c9c9d0 (webtiles) character file.

Game seed: 17960811950848985331

217 loralnil the Sneak (level 5, -2/24 HPs)
             Began as a Vine Stalker Enchanter on Nov 3, 2020.
             Slain by Duvessa
             ... wielding a +2 antimagic short sword
              (7 damage)
             ... on level 4 of the Dungeon.
             The game lasted 00:04:19 (2255 turns).

loralnil the Sneak (Vine Stalker Enchanter)         Turns: 2255, Time: 00:04:19

Health: -2/24      AC:  3    Str: 10    XL:     5   Next: 94%
Magic:  0/10       EV: 13    Int: 15    God:
Gold:   120        SH:  0    Dex: 16    Spells: 1/10 levels left

rFire    . . .     SeeInvis .   d - +0 dagger (venom)
rCold    . . .     Faith    +   (no shield)
rNeg     . . .     Spirit   +   b - +0 robe
rPois    .         Reflect  .   (no helmet)
rElec    .         Harm     .   (no cloak)
rCorr    .         Rampage  .   g - +0 pair of gloves
MR       .....                  (no boots)
Stlth    +++.......             p - amulet of faith
HPRegen  0.48/turn              (no ring)
MPRegen  0.12/turn              (no ring)

@: no status effects
A: fangs 2, regeneration 1, magic shield, antimagic bite, no potion heal 3, rot
immunity
a: no special abilities


You were on level 4 of the Dungeon.
You visited 1 branch of the dungeon, and saw 4 of its levels.

You collected 120 gold pieces.

Inventory:

Hand Weapons
 a - a +1 dagger
 d - a +0 dagger of venom (weapon)
Armour
 b - a +0 robe (worn)
 g - a +0 pair of gloves (worn)
 n - a +1 ring mail of cold resistance
Jewellery
 p - an amulet of faith (around neck)
Wands
 c - a wand of flame (8)
Scrolls
 e - a scroll of amnesia {unknown}
 f - a scroll of fear
 j - 3 scrolls of remove curse
 m - a scroll of teleportation {unknown}
Potions
 h - 2 potions of brilliance
 i - 3 potions of curing
 k - a potion of magic {unknown}
 l - a potion of berserk rage {unknown}
 o - a potion of mutation {unknown}
 q - a potion of heal wounds {unknown}


   Skills:
 + Level 2.3 Short Blades
 + Level 2.5 Dodging
 + Level 4.9 Stealth
 + Level 3.2 Spellcasting
 + Level 3.9 Hexes


You had one spell level left.
You knew the following spells:

 Your Spells              Type           Power        Failure   Level
a - Corona                Hex            ##.....      4%          1
b - Ensorcelled Hibernat  Hex/Ice        #.....       13%         2
c - Confusing Touch       Hex            ##......     12%         3
d - Tukima's Dance        Hex            ##......     12%         3

Your spell library contained the following spells:

 Spells                   Type           Power        Failure   Level
 Dazzling Flash           Conj/Hex       #.....       26%         3


Dungeon Overview and Level Annotations

Branches:
Dungeon (4/15)
 Temple: D:4-7

Altars:

Annotations:
D:4 Dowan, Duvessa


Innate Abilities, Weirdness & Mutations

You have extremely sharp teeth.
Your natural rate of healing is unusually fast.
When hurt, damage is shared between your health and your magic reserves.
Your bite disrupts and absorbs the magic of your enemies.
Potions cannot restore your health.
You are immune to rotting.


Message History

Duvessa is severely wounded.
Duvessa misses you.
You hit Duvessa but do no damage.
Duvessa looks as sick as possible!
Duvessa is severely wounded.
Duvessa drinks a potion.
Duvessa is healed!
Duvessa looks more healthy.
You barely miss Duvessa. Your bite misses Duvessa.
Duvessa is severely wounded.
Dowan barely misses you.
You hit Duvessa.
Duvessa is poisoned.
Duvessa is severely wounded.
Duvessa hits you with a +2 antimagic short sword.
Dowan hits you but does no damage.
You hit Duvessa but do no damage.
Duvessa looks as sick as possible!
Duvessa is severely wounded.
Duvessa hits you but does no damage. Dowan hits you with a cursed -2 dagger.
* * * LOW HITPOINT WARNING * * *
You hit Duvessa but do no damage.
Duvessa looks as sick as possible!
Duvessa is almost dead.
Duvessa hits you with a +2 antimagic short sword!
You die...

#? .# #.# ... #
#..# ..#.. #.#.##
....# .....
###.#.#
#.#.###..[..
###.#.##..# #
#.....@†..# .#
#.###e#e..##.# #.#
##.#.....# #.#
##.#..### #.#
##...#
#.#######.)#######
#...<......)......
#########...######
.......


You could see Duvessa (extremely poisoned) and Dowan.

Vanquished Creatures
  A scorpion (D:2)
  Terence (D:2)
  Natasha (twice) (D:2)
  An adder (D:2)
  An adder skeleton (D:2)
  2 dart slugs (D:1)
  2 leopard geckos (D:1)
  5 orcs
  6 giant cockroaches
  7 goblins
  7 hobgoblins
  6 jackals
  9 kobolds
  2 quokkas
  4 bats
  4 frilled lizards
  6 rats
66 creatures vanquished.

Notes
Turn   | Place    | Note
-------+----------+-------------------------------------------
     0 | D:1      | loralnil the Vine Stalker Enchanter began the quest for the
                  | Orb.
     0 | D:1      | Reached XP level 1. HP: 9/9 MP: 4/4
    95 | D:1      | Reached skill level 1 in Short Blades
   171 | D:1      | Reached XP level 2. HP: 13/13 MP: 4/6
   246 | D:1      | Learned a level 2 spell: Ensorcelled Hibernation
   427 | D:1      | Reached skill level 4 in Stealth
   427 | D:1      | Reached XP level 3. HP: 9/16 MP: 4/7
   432 | D:1      | Learned a level 3 spell: Confusing Touch
  1142 | D:2      | Noticed a scorpion
  1155 | D:2      | Killed a scorpion
  1155 | D:2      | Gained mutation: Your natural rate of healing is unusually
                  | fast. [Vine Stalker growth]
  1155 | D:2      | Reached XP level 4. HP: 12/21 MP: 1/9
  1483 | D:2      | Noticed Terence
  1505 | D:2      | Killed Terence
  1505 | D:2      | Reached XP level 5. HP: 9/24 MP: 2/10
  1639 | D:2      | Noticed Natasha
  1646 | D:2      | Killed Natasha
  1872 | D:2      | Noticed Natasha
  1882 | D:2      | Killed Natasha
  2017 | D:3      | Learned a level 3 spell: Tukima's Dance
  2220 | D:4      | Noticed Duvessa
  2226 | D:4      | Noticed Dowan
  2255 | D:4      | Slain by Duvessa

Illustrated notes

Levels and vault maps discovered:
D:1:      lemuel_arrival_rhombus, layout_basic
D:2:      layout_loops_ring, uniq_terence, uniq_natasha
D:3:      layout_basic
D:4:      layout_loops_ring, uniq_duvessa, uniq_ijyb, uniq_robin

Skill      XL: |  1  2  3  4 |
---------------+-------------+-----
Short Blades   | 1 2 |  2.3
Stealth        | 4 |  4.9
Dodging        | 2 |  2.5
Spellcasting   | 3 |  3.2
Hexes          | |  3.9

Action                   |  1- 3 |  4- 6 || total
-------------------------+-------+-------++-------
Melee: Dagger            |    68 |   110 ||   178
       Bite              |     9 |    26 ||    35
 Cast: Corona            |     2 |     4 ||     6
       Ensorcelled Hiber |     7 |     5 ||    12
  Use: Scroll            |       |     4 ||     4
 Stab: Sleeping          |    13 |     5 ||    18
Armor: Robe              |    11 |    17 ||    28
Dodge: Dodged            |    34 |    64 ||    98

Table legend: (Time is in decaauts)
 A = Elapsed time spent in this place.
 B = Non-inter-level travel time spent in this place.
 C = Inter-level travel time spent in this place.
 D = Time resting spent in this place.
 E = Time spent auto-exploring this place.
 F = Levels seen in this place.
 G = Mean time per level.
                   A        B        C        D        E       F      G
               +--------+--------+--------+--------+--------+-----+--------+
         Total |   2238 |   2155 |     83 |     68 |   1601 |   4 |  559.5 |
       Dungeon |   2238 |   2155 |     83 |     68 |   1601 |   4 |  559.5 |
               +--------+--------+--------+--------+--------+-----+--------+

Top non-repeatable levels by time:
     D:2: 956 daAuts
     D:1: 920 daAuts
     D:3: 308 daAuts
     D:4: 53 daAuts
